Map: Ascension to Aiur LE

Players

Winthrowe - Winner!

  • Race: Terran Terran
  • League: Silver
  • Spawn Location: 11:00

NavaHoe

  • Race: Terran Terran
  • League: Silver
  • Spawn Location: 5:00

VOD

Have the link to the VOD?

Description

Time

  • Played on: Sept. 3, 2017, 12:20 p.m.
  • Length: 20:33
Show
View Real Time Build Order
Export as new Build Order

Winthrowe Terran - Winner!

Build Orders: MMM Bio 

Get SALT Encoding   

  12  0:01  SCV  
  13  0:13  SCV  
  14  0:18  Supply Depot  
  14  0:25  SCV  
  15  0:39  SCV  
  15  0:40  Barracks  
  16  0:51  Refinery  
  16  0:52  SCV  
  17  1:01  Refinery  
  17  1:04  SCV  
  18  1:16  SCV  
  19  1:28  SCV  
  20  1:35  Barracks  
  20  1:36  Marine  
  21  1:40  SCV  
  22  1:52  SCV, Factory  
  23  2:30  Supply Depot  
  23  2:37  Command Center  
  23  2:39  Orbital Command  
  23  2:51  Marine x2  
  23  2:53  Factory Tech Lab  
  25  3:09  Marine x2  
  27  3:15  Starport  
  27  3:33  Marine x2  
  29  3:47  SCV  
  30  3:49  Siege Tank  
  30  3:51  Supply Depot  
  30  3:53  SCV  
  34  3:59  SCV  
  34  4:00  Supply Depot  
  35  4:05  SCV  
  35  4:08  Engineering Bay  
  36  4:11  SCV, Engineering Bay  
  37  4:17  Marine x2  
  37  4:23  Medivac  
  41  4:35  Marine  
  42  4:45  Armory  
  42  4:49  SCV x2  
  42  4:50  Marine  
  45  4:52  Marine  
  45  4:53  Medivac  
  48  5:01  SCV x2  
  50  5:08  Marine  
  50  5:10  Marine  
  52  5:24  Starport Tech Lab  
  52  5:26  Marine  
  52  5:28  Marine  
  53  5:30  SCV  
  53  5:31  SCV  
  56  5:40  Supply Depot  
  57  5:42  SCV  
  57  5:43  SCV  
  57  5:44  Barracks  
  58  5:55  SCV x2  
  60  6:03  Supply Depot  
  60  6:15  Marine x2  
  62  6:20  Combat Shields  
  62  6:21  Stimpack  
  62  6:27  Cyclone  
  62  6:28  Supply Depot  
  62  6:30  Viking  
  67  6:32  Marine  
  67  6:33  Marine, Barracks  
  69  6:50  Marine, Supply Depot  
  70  6:59  Cyclone  
  70  7:01  Marine  
  72  7:04  Medivac  
  72  7:08  Marine  
  67  7:19  Marine  
  68  7:26  Marine  
  65  7:31  Terran Infantry Weapons Level 1, Cyclone, Terran Infantry Armor Level 1  
  65  7:36  Marine  
  66  7:39  Concussive Shells  
  66  7:44  Marine  
  60  7:54  Marine  
  57  8:01  Marine  
  52  8:12  Marine  
  53  8:15  Viking  
  53  8:19  Marine  
  55  8:22  SCV x2  
  58  8:30  Marine  
  59  8:34  SCV  
  59  8:35  SCV  
  59  8:37  Terran Vehicle And Ship Armor Level 1, Marine  
  62  8:45  Medivac  
  62  8:46  SCV  
  62  8:47  SCV  
  62  8:48  Marine  
  69  8:53  Hellion  
  71  8:56  Barracks Reactor, Marauder  
  71  8:58  Barracks Reactor, SCV  
  71  8:59  SCV  
  73  9:06  Marauder  
  75  9:10  SCV  
  75  9:11  SCV  
  75  9:15  Hellion  
  75  9:16  Marine  
  80  9:17  Medivac  
  82  9:26  SCV  
  82  9:27  Marine, SCV  
  85  9:33  Marine  
  85  9:34  Marine x2  
  85  9:36  Hellion  
  90  9:38  SCV  
  90  9:39  SCV  
  90  9:45  Marine  
  91  9:47  Medivac  
  91  9:50  SCV  
  91  9:51  Marine, SCV  
  91  9:52  Marine x2  
  89  9:57  Hellion  
  76  10:02  Marine, SCV  
  76  10:03  SCV  
  77  10:09  Marine x2  
  77  10:10  Marine  
  80  10:14  SCV  
  80  10:15  SCV  
  80  10:17  Medivac  
  80  10:19  Marine, Hellion  
  80  10:20  Marine x2  
  89  10:27  Marine x2, SCV  
  89  10:28  Marine  
  93  10:30  Orbital Command  
  91  10:37  Marine x2  
  91  10:38  Marine  
  87  10:44  Marine  
  87  10:45  Marine x2  
  86  10:56  Marine  
  87  10:57  Terran Infantry Armor Level 2, Terran Infantry Weapons Level 2  
  74  11:15  Marine x3  
  74  11:16  Marine x3  
  70  11:33  Marine x6  
  70  11:39  Cyclone  
  79  11:51  Marine x6  
  85  12:08  Marine  
  85  12:09  Marine x3  
  85  12:10  Marauder x2  
  79  12:31  Marauder x2  
  79  12:34  Marine x4  
  87  12:52  Marine x5, Marauder  
  94  13:05  Command Center  
  94  13:22  Supply Depot  
  94  13:27  Marine x6  
  90  13:44  Supply Depot  
  90  13:45  Marine x6  
  69  14:03  Marine x6  
  69  14:05  Medivac  
  77  14:18  Orbital Command  
  77  14:21  Marine x2  
  79  14:24  Marine  
  79  14:25  Marine x3  
  83  14:35  Medivac  
  83  14:36  Terran Infantry Weapons Level 3  
  85  14:39  Marauder  
  85  14:41  Terran Infantry Armor Level 3  
  87  14:48  Marine x2  
  87  14:49  Marauder  
  91  14:53  Cyclone  
  94  15:01  Marauder  
  96  15:17  Command Center  
  86  15:44  Marauder  
  86  15:45  Marine x4, Marauder  
  86  15:49  Medivac  
  91  16:03  Marine x4  
  92  16:06  Marauder x2  
  79  16:21  Marine x4  
  80  16:27  Marine, Marauder  
  80  16:31  Refinery  
  83  16:33  Refinery  
  83  16:38  Refinery  
  83  16:40  SCV  
  83  16:41  SCV  
  85  16:52  SCV  
  85  16:53  SCV  
  87  16:54  Marine  
  87  16:55  Marine x5  
  93  17:04  SCV  
  93  17:05  SCV  
  95  17:12  Marine  
  95  17:13  Marine x5  
  101  17:16  SCV  
  101  17:17  SCV  
  103  17:29  SCV x2  
  104  17:30  Marine x5  
  104  17:31  Marine  
  104  17:35  Viking  
  108  17:41  SCV x2  
  105  17:48  Marine x6  
  108  17:53  SCV x2  
  106  18:05  Viking, SCV x2  
  101  18:06  Marine x5  
  101  18:07  Marauder  
  108  18:17  SCV x2  
  104  18:22  Refinery  
  104  18:23  Marine  
  104  18:24  Marine x4  
  104  18:25  Refinery  
  105  18:27  Marine  
  105  18:29  SCV  
  105  18:30  SCV  
  106  18:35  Viking  
  105  18:41  Marine, SCV  
  105  18:42  Marine x4, SCV  
  105  18:45  Marine, Missile Turret  
  105  18:47  Missile Turret  
  113  18:48  Missile Turret  
  113  18:53  SCV  
  113  18:54  SCV  
  115  18:59  Marine x2  
  115  19:00  Marine, Marauder  
  120  19:04  Marauder  
  122  19:15  Supply Depot  
  122  19:17  Supply Depot  
  122  19:19  Missile Turret  
  122  19:20  Missile Turret  
  122  19:21  Missile Turret  
  122  19:22  Marauder  
  124  19:25  Marauder  
  126  19:41  Marine  
  126  19:43  Marauder  
  129  19:46  Marauder  
  125  19:58  Medivac  
  113  20:04  Marauder  
  113  20:07  Marine x2  
  111  20:08  Marauder  
Show
View Real Time Build Order
Export as new Build Order

NavaHoe Terran 

Build Orders:  

Get SALT Encoding   

  12  0:03  SCV  
  13  0:15  Supply Depot  
  13  0:26  SCV  
  13  0:27  Refinery  
  14  0:38  Supply Depot  
  14  0:42  SCV  
  15  0:53  Barracks  
  15  0:58  SCV  
  16  1:14  SCV  
  17  1:19  Barracks  
  17  1:26  SCV  
  18  1:38  SCV  
  19  1:45  Marine, Factory  
  20  1:50  SCV  
  21  1:55  Refinery  
  21  2:10  Marine x2  
  24  2:22  SCV  
  24  2:24  Supply Depot  
  24  2:28  Marine  
  25  2:33  Factory Tech Lab  
  25  2:34  Starport  
  25  2:38  Marine  
  25  2:43  SCV  
  27  2:52  Armory  
  27  2:56  Marine  
  27  2:57  Marine  
  29  3:01  SCV  
  30  3:14  Siege Tank  
  30  3:19  Barracks Tech Lab  
  33  3:21  Marine  
  34  3:28  Orbital Command  
  34  3:37  Medivac  
  36  3:46  Marine  
  37  3:49  Marauder  
  39  4:08  Supply Depot  
  39  4:13  Terran Vehicle Weapons Level 1  
  39  4:15  Engineering Bay  
  39  4:30  Marine, SCV, Medivac  
  43  4:33  Marine  
  43  4:36  Combat Shields  
  44  4:43  Supply Depot  
  44  5:12  Command Center  
  44  5:23  Missile Turret  
  44  5:36  Thor  
  44  5:41  Marine  
  51  5:44  Marine, Missile Turret  
  51  5:47  SCV  
  53  5:58  Marine  
  53  5:59  Terran Infantry Weapons Level 1  
  54  6:19  Widow Mine  
  56  6:43  Marine  
  57  6:48  Cyclone  
  56  7:15  Marine x2  
  58  7:33  Marine x2  
  48  8:06  Thor  
  48  8:21  Barracks Reactor  
  48  8:22  Starport Tech Lab  
  48  8:36  Planetary Fortress  
  48  8:37  Missile Turret  
  48  8:41  SCV  
  49  8:49  Thor  
  49  8:52  Marauder  
  49  8:53  SCV  
  58  8:58  Missile Turret  
  58  9:05  SCV  
  59  9:13  Marauder  
  59  9:15  SCV  
  62  9:18  SCV  
  62  9:19  Missile Turret  
  62  9:21  Refinery x2  
  63  9:27  Marine x2, SCV  
  66  9:32  Siege Tank  
  66  9:34  Marine, Concussive Shells  
  70  9:44  Marine, Missile Turret  
  70  9:45  Marine  
  72  9:52  Marine  
  58  10:02  Marine x2  
  58  10:04  Siege Tank  
  63  10:10  Marine  
  64  10:15  Missile Turret  
  64  10:28  SCV  
  65  10:35  Missile Turret  
  65  10:36  Widow Mine  
  65  10:40  SCV  
  67  10:57  Missile Turret  
  63  11:04  Thor  
  63  11:11  Marine x3  
  68  11:26  Banshee  
  68  11:29  Marine x3  
  74  11:36  SCV  
  75  11:47  Marine x3  
  75  11:51  Command Center  
  78  12:23  Supply Depot  
  78  12:24  Marine, SCV  
  78  12:25  Banshee  
  78  12:27  Thor  
  63  12:37  SCV  
  63  12:42  SCV  
  65  12:46  Supply Depot  
  65  12:48  Marine x3  
  65  12:50  SCV  
  69  13:02  SCV  
  70  13:06  Marine x3  
  70  13:08  Banshee  
  70  13:10  Thor, Supply Depot  
  82  13:13  Planetary Fortress  
  82  13:14  SCV  
  83  13:24  Marine x3  
  83  13:26  SCV  
  87  13:32  Supply Depot  
  87  13:38  SCV  
  66  13:50  SCV  
  66  13:51  Banshee  
  66  13:53  Siege Tank  
  73  14:02  SCV  
  74  14:04  SCV  
  74  14:09  Refinery  
  75  14:10  Refinery  
  75  14:17  SCV  
  76  14:25  Siege Tank, Missile Turret  
  76  14:27  Marine x3  
  76  14:29  Factory, SCV  
  83  14:34  Banshee  
  86  14:43  SCV  
  86  14:45  Marine x3, Missile Turret  
  88  14:51  SCV  
  91  14:56  SCV  
  91  14:57  Thor  
  98  15:02  Marine  
  98  15:03  Marine, SCV  
  98  15:07  Missile Turret  
  101  15:08  SCV  
  102  15:15  Factory Tech Lab  
  102  15:17  Bunker, Medivac  
  102  15:20  Marine  
  102  15:21  Marine  
  96  15:26  Missile Turret  
  94  15:38  Marine  
  94  15:39  Marine  
  94  15:40  Thor  
  95  15:46  Banshee  
  98  15:56  Marine  
  98  15:57  Marine  
  90  16:23  Thor  
  90  16:46  Fusion Core  
  90  16:53  SCV  
  91  17:05  Ghost Academy  
  91  17:06  Siege Tank  
  90  17:09  Barracks  
  90  17:24  Cloaking Field  
  90  17:27  Banshee  
  93  17:38  Siege Tank  
  93  18:10  Banshee  
  90  18:50  Barracks Reactor  
  90  18:53  Banshee  
  90  18:54  Missile Turret  
  93  18:57  SCV  
  93  18:59  Nuke  
  94  19:07  Marine x3  
  94  19:09  Thor, SCV  
  104  19:15  Missile Turret, SCV  
  105  19:20  Starport  
  105  19:25  Marine x3  
  105  19:26  Weapon Refit, Supply Depot  
  105  19:27  Supply Depot, SCV  
  115  19:39  SCV  
  115  19:42  Marine  
  115  19:43  Marine x2  
  119  19:49  Supply Depot  
  86  20:00  Ghost  
  86  20:06  Marine  
  73  20:07  Marine  
Tags
 
Composition
MMM Bio
Matchup
TvT
Race
Terran
Spawn Locations
Cross Positions
Add a new tag
Caveats
  • Supply blocks, unpowered buildings, or Contaminate may cause inaccurate times.
  • Supply counts are checked every 10 seconds.